 Dungeon Crawl Stone Soup version 0.27.0-1-g7a089689b8 (webtiles) character file.

Game seed: 1346920084656863830

32 ZARRMARR the Chopper (level 3, -2/33 HPs)
             Began as a Hill Orc Monk on Aug 15, 2021.
             Slain by a worm (9 damage)
             ... on level 2 of the Dungeon on Aug 16, 2021.
             The game lasted 00:05:43 (973 turns).

ZARRMARR the Chopper (Hill Orc Monk)                 Turns: 973, Time: 00:05:44

Health: -2/33      AC:  2    Str: 14    XL:     3   Next: 25%
Magic:  3/3        EV: 12    Int: 10    God:
Gold:   17         SH:  0    Dex: 13    Spells: 2/2 levels left

rFire    . . .     SeeInvis .   a - +0 hand axe
rCold    . . .     Faith    .   (no shield)
rNeg     . . .     Spirit   .   b - +0 robe
rPois    .         Reflect  .   (no helmet)
rElec    .         Harm     .   (no cloak)
rCorr    .         Rampage  .   (no gloves)
Will     .....                  (no boots)
Stlth    ++........             (no amulet)
HPRegen  0.11/turn              (no ring)
MPRegen  0.08/turn              (no ring)

@: no status effects
A: no striking features
a: no special abilities


You were on level 2 of the Dungeon.
You visited 1 branch of the dungeon, and saw 2 of its levels.

You collected 17 gold pieces.

Inventory:

Hand Weapons
 a - a +0 hand axe (weapon)
Missiles
 d - 18 stones (quivered)
Armour
 b - a +0 robe (worn)
Scrolls
 i - a scroll of torment
Potions
 c - a potion of curing {unknown}
 f - a potion of cancellation {unknown}
 h - a potion of brilliance {unknown}


   Skills:
 + Level 4.0 Fighting
 + Level 4.7 Axes
 + Level 2.8 Dodging
 + Level 1.7 Stealth


You had 2 spell levels left.
You didn't know any spells.
Your spell library contained the following spells:

 Spells                   Type           Power      Damage    Failure   Level
 Beastly Appendage        Tmut           0%         N/A       36%         1
 Wereblood                Tmut           0%         N/A       50%         2
 Spider Form              Tmut/Pois      0%         N/A       75%         3


Dungeon Overview and Level Annotations

Branches:
Dungeon (2/15)

Altars:


Message History

The quokka barely misses you. The quokka closely misses you.
You hit the quokka.
The quokka is moderately wounded.
The quokka barely misses you.
You completely miss the quokka.
The quokka is moderately wounded.
The quokka closely misses you.
You hit the quokka.
You kill the quokka!
Found a hand axe.
You see here a quokka corpse.
Found a scroll labelled KUBRYMNAUSS.
You start resting.
A worm comes into view.
A worm is nearby!
There is a stone staircase leading up here.
There is a stone staircase leading up here.
You start resting.
A worm is nearby!
A worm comes into view.
The worm moves out of view.
You see here a quokka corpse.
Found a yellow potion and a scroll labelled SEEV GILAUB.
The worm closely misses you.
Found 10 gold pieces.
You hit the worm.
The worm is moderately wounded.
You hit the worm. The worm barely misses you. The worm bites you!
You completely miss the worm.
The worm is moderately wounded.
You hit the worm. You hit the worm.
The worm is moderately wounded.
You barely miss the worm. The worm closely misses you. The worm bites you.
You hit the worm.
The worm is severely wounded.
You hit the worm. The worm bites you.
* * * LOW HITPOINT WARNING * * *
The worm bites you!
You die...

..........#
#........?#
#.........#
#.........######
........?......#
...............#
#.............?#
#.....w@.....###
......w........#
#...)......†...#
.......##.#....#
#...... #.#..<.#
...!... #..†...#
$#..... ###^####
#..##. #.# #..


You could see 2 worms.

Vanquished Creatures
  An adder (D:2)
  A dart slug (D:1)
  5 bats (D:1)
  2 endoplasms (D:1)
  3 giant cockroaches (D:1)
  A quokka (D:2)
  4 ball pythons (D:1)
  2 frilled lizards (D:1)
  2 kobolds (D:1)
21 creatures vanquished.

Notes
Turn   | Place    | Note
-------+----------+-------------------------------------------
     0 | D:1      | ZARRMARR the Hill Orc Monk began the quest for the Orb.
     0 | D:1      | Reached XP level 1. HP: 19/19 MP: 1/1
   122 | D:1      | Reached XP level 2. HP: 27/27 MP: 2/2
   893 | D:2      | Reached XP level 3. HP: 28/33 MP: 3/3
   973 | D:2      | Slain by a worm

Illustrated notes

Levels and vault maps discovered:
D:1:      ncdulo_smallfort, layout_basic, minmay_misc_feat_cross, fountainhead,
          chequers_serial_rivers_small_a
D:2:      layout_rooms, basic_altar

Skill      XL: |  1  2 |
---------------+-------+-----
Fighting       | 4 |  4.0
Axes           | |  4.7
Dodging        | |  2.8
Stealth        | |  1.7

Action                   || total
-------------------------++-------
Melee: Hand axe          ||    92
  Use: Scroll            ||     3
 Stab: Sleeping          ||     6
Armor: Robe              ||    27
Dodge: Dodged            ||    84
